 Dungeon Crawl Stone Soup version 0.30-a0-918-g0ff054e9dc (webtiles) character file.

Game seed: 3759657700342281996

56 cforsyth the Trooper (level 4, -1/37 HPs)
             Began as a Human Fighter on Mar 20, 2023.
             Slain by Sigmund
             ... wielding a +0 scythe
              (7 damage)
             ... on level 2 of the Dungeon.
             The game lasted 00:01:31 (1532 turns).

cforsyth the Trooper (Human Fighter)                Turns: 1532, Time: 00:01:32

Health: -1/37      AC:  6    Str: 16    XL:     4   Next: 15%
Magic:  4/4        EV:  8    Int: 17    God:
Gold:   67         SH:  4    Dex: 12    Spells: 3/3 levels left

rFire   . . .      SeeInvis .    a - +0 flail
rCold   . . .      Faith    .    c - +0 buckler
rNeg    . . .      Spirit   .    b - +0 scale mail
rPois   .          Reflect  .    (no helmet)
rElec   .          Rampage  .    (no cloak)
rCorr   .                        (no gloves)
Will    .....                    (no boots) Stlth
                                 (no amulet)
HPRegen 0.26/turn                g - +6 ring of intelligence
MPRegen 0.09/turn                (no ring)

@: no status effects
A: no striking features
a: no special abilities


You were on level 2 of the Dungeon.
You visited 1 branch of the dungeon, and saw 2 of its levels.

You collected 67 gold pieces.

Inventory:

Hand Weapons
 a - a +0 flail (weapon)
Armour
 b - a +0 scale mail (worn)
 c - a +0 buckler (worn)
Jewellery
 g - a +6 ring of intelligence (left hand)
Scrolls
 e - 2 scrolls of identify {unknown}
 f - 2 scrolls of fog {unknown}
 h - a scroll of acquirement {unknown}
 i - a scroll of enchant armour {unknown}
 j - a scroll of magic mapping {unknown}
 k - 2 scrolls of teleportation {unknown}
 l - 2 scrolls of blinking {unknown}
 m - 2 scrolls of brand weapon {unknown}
 n - a scroll of summoning {unknown}
Potions
 d - 2 potions of might
 o - 3 potions of invisibility {unknown}
 p - a potion of curing {unknown}


   Skills:
 + Level 3.9 Fighting
 + Level 3.2 Maces & Flails
 - Level 3.0 Armour
 - Level 3.0 Shields


You had 3 spell levels left.
You didn't know any spells.
Your spell library was empty.

Dungeon Overview and Level Annotations

Branches:
Dungeon (2/15)

Altars:

Shops:
D:1 ?

Annotations:
D:2 Sigmund


Message History

Sigmund hits you but does no damage. The quokka closely misses you.
You hit the quokka.
The quokka is moderately wounded.
Sigmund closely misses you. The quokka closely misses you.
You block the quokka's attack.
You hit the quokka.
You kill the quokka!
Sigmund hits you from afar with a +0 scythe.
Sigmund closely misses you. Sigmund barely misses you.
Items here: ))) †.
You hit Sigmund.
Sigmund is moderately wounded.
Sigmund hits you with a +0 scythe!
You are too injured to fight recklessly!
You are too injured to fight recklessly!
You are too injured to fight recklessly!
You are too injured to fight recklessly!
You are too injured to fight recklessly!
You are too injured to fight recklessly!
You are too injured to fight recklessly!
You are too injured to fight recklessly!
You are too injured to fight recklessly!
You are too injured to fight recklessly!
You hit Sigmund.
Sigmund is heavily wounded.
Sigmund hits you with a +0 scythe.
You sock Sigmund!
Sigmund is severely wounded.
Sigmund points at you and mumbles some strange words.
The puff of flame hits you.
* * * LOW HITPOINT WARNING * * *
Sigmund mumbles some strange words.
Sigmund flickers and vanishes!
Deactivating autopickup; reactivate with Ctrl-A.
You miss something. Something hits you.
* * * LOW HITPOINT WARNING * * *
You block something's attack. Something hits you!
You die...

########....
####
#...........
..#
#.#########.
.. #.# #.#
#.. #.#
#.#####.#
#.. ...
#..<....#
#.. #.#
#.#######
#.. ... ##.#
#.#
#.#$#.##.@#
#.#
...=...#.##
#.# #).# #..
........##
######.
#.#.#.#.#
#......
.....#
#......
#######
#......
#......
#......


There were no monsters in sight!

Vanquished Creatures
  An adder (D:2)
  A worm (D:2)
  A dart slug (D:1)
  6 endoplasms (D:1)
  2 giant cockroaches
  A hobgoblin (D:2)
  3 quokkas
  4 ball pythons
  6 bats
  3 frilled lizards
  A goblin (D:2)
  6 kobolds
  6 rats
41 creatures vanquished.

Notes
Turn   | Place    | Note
-------+----------+-------------------------------------------
     0 | D:1      | cforsyth the Human Fighter began the quest for the Orb.
     0 | D:1      | Reached XP level 1. HP: 18/18 MP: 1/1
   131 | D:1      | Found Dooqax's Magic Scroll Shop.
   135 | D:1      | Reached XP level 2. HP: 24/24 MP: 2/2
   494 | D:1      | Reached XP level 3. HP: 27/29 MP: 3/3
  1303 | D:2      | Reached XP level 4. HP: 37/37 MP: 4/4
  1517 | D:2      | Noticed Sigmund
  1532 | D:2      | Slain by Sigmund

Illustrated notes

Levels and vault maps discovered:
D:1:      minmay_arrival_three_doors, layout_basic, serial_shops, shop,
          minmay_pentomino_s2
D:2:      layout_basic, grunt_decor_resistance, st_stairs_10,
          mrwooster_statue_mirror, uniq_jessica, uniq_sigmund, uniq_terence

Skill      XL: |  1  2  3 |
---------------+----------+-----
Maces & Flails | 3 |  3.2
Fighting       | |  3.9
Armour         | |  3.0
Shields        | |  3.0

Action                     |  1- 3 |  4- 6 || total
---------------------------+-------+-------++-------
  Melee: Flail             |   116 |    25 ||   141
 Armour: Scale mail        |    67 |    18 ||    85
  Dodge: Dodged            |    73 |    11 ||    84
  Block: Buckler           |    24 |     7 ||    31

Table legend: (Time is in decaauts)
 A = Elapsed time spent in this place.
 B = Non-inter-level travel time spent in this place.
 C = Inter-level travel time spent in this place.
 D = Time resting spent in this place.
 E = Time spent auto-exploring this place.
 F = Levels seen in this place.
 G = Mean time per level.
                   A        B        C        D        E       F      G
               +--------+--------+--------+--------+--------+-----+--------+
         Total |   1574 |   1493 |     81 |    135 |   1050 |   2 |  787.0 |
       Dungeon |   1574 |   1493 |     81 |    135 |   1050 |   2 |  787.0 |
               +--------+--------+--------+--------+--------+-----+--------+

Top non-repeatable levels by time:
     D:1: 1115 daAuts
     D:2: 459 daAuts
